 Dungeon Crawl Stone Soup version 0.20.1-1-g8b1a95d (webtiles) character file.

3947 HammerPanzer the Carver (level 10, -2/94 HPs)
             Began as a Minotaur Berserker on Oct 31, 2017.
             Was an Elder of Trog.
             Killed from afar by Linguinho's ghost (5 damage)
             ... with a blast of sand
             ... on level 7 of the Dungeon.
             The game lasted 00:16:39 (7531 turns).

HammerPanzer the Carver (Minotaur Berserker)        Turns: 7531, Time: 00:16:40

Health: -2/94      AC:  9    Str: 24    XL:     10   Next: 2%
Magic:  9/9        EV:  8    Int:  5    God:    Trog [****..]
Gold:   346        SH:  0    Dex: 10    Spells: 9/9 levels left

rFire    . . .     SeeInvis .   a - +1 falchion
rCold    . . .     Gourm    .   (no shield)
rNeg     . . .     Faith    .   u - +0 chain mail
rPois    .         Spirit   .   k - +1 hat
rElec    .         Reflect  .   (no cloak)
rCorr    .         Harm     .   (no gloves)
MR       .....                  (no boots)
Stlth    ..........             (no amulet)
Regen    0.3/turn               v - ring of wizardry
MPRegen  0.2/turn               (no ring)

@: lethally poisoned (-2 -> -11), berserk cooldown, slowed, very slow
A: retaliatory headbutt, horns 2
a: Berserk, Trog's Hand, Brothers in Arms, Burn Spellbooks, Renounce Religion


You were on level 7 of the Dungeon.
You worshipped Trog.
Trog was greatly pleased with you.
You were very hungry.

You visited 1 branch of the dungeon, and saw 7 of its levels.

You collected 346 gold pieces.

Inventory:

Hand Weapons
 a - a +1 falchion (weapon)
Missiles
 g - 5 javelins of returning (quivered)
Armour
 k - a +1 hat (worn)
 u - a +0 chain mail (worn)
Jewellery
 v - a ring of wizardry (left hand)
Wands
 e - a wand of acid (9/15)
 y - a wand of polymorph (24/24)
 A - a wand of random effects (39/48)
Scrolls
 h - 6 scrolls of remove curse
 o - 8 scrolls of teleportation
Potions
 d - 3 potions of might {unknown}
 f - a potion of degeneration {unknown}
 i - 2 potions of mutation {unknown}
 j - a potion of resistance {unknown}
 p - 4 potions of flight
 q - 3 potions of curing {unknown}
 r - 2 potions of haste {unknown}
 w - a potion of heal wounds {unknown}
 x - 2 potions of brilliance {unknown}
 C - a potion of agility {unknown}
 D - a potion of berserk rage {unknown}
Comestibles
 b - 5 chunks of flesh
 c - 7 bread rations
 m - a meat ration


   Skills:
 + Level 10.5 Fighting
 * Level 13.9 Long Blades
 - Level 2.4 Armour
 - Level 2.1 Dodging


You had 9 spell levels left.
You didn't know any spells.

Dungeon Overview and Level Annotations

Branches:
Dungeon (7/15)             Temple (0/1) D:4

Altars:
Ashenzari
Cheibriados
Dithmenos
Gozag
Okawaru
Vehumet
Zin

Annotations:
D:7 Linguinho's ghost, novice DrEE


Innate Abilities, Weirdness & Mutations

You reflexively headbutt those who attack you in melee.
You have a pair of horns on your head.


Message History

You hit Linguinho's ghost but do no damage.
Linguinho's ghost is almost destroyed.
You feel sick.
Linguinho's ghost gestures at you while chanting.
The stone arrow hits you!
* * * LOW HITPOINT WARNING * * *
The orc priest begins to cast a cantrip, but forgets the words!
The orc wizard gestures wildly while chanting.
The orc wizard blinks!
You feel sick.
Some of the chunks of flesh in your inventory have rotted away.
You feel sick.
The orc priest calls down the wrath of Beogh upon you.
Beogh smites you!
* * * LOW HITPOINT WARNING * * *
The orc wizard barely misses you.
The orc priest begins to cast a cantrip, but forgets the words!
Linguinho's ghost points at you and mumbles some strange words.
The blast of sand hits you!
You die...

#############.#..< ..
.........# #..#.# ..#
#.#.###.###..#.# #.#
#.).............
#.#)##...#...##>####
#
#.............#.....
...
##.####...#....######
....##...##.......#.#
........W@(.#.###.#.#
...##[)o####.# ..#.#
...........?......#y#
......o.......)...#.#
#.#.###.####.)∩)..# #
# #.# #..)... #.#
#......# #.# # #.#


You could see an orc priest, an orc wizard and Linguinho's ghost.

Vanquished Creatures
  Pikel (D:4)
  The ghost of Folque the Conjurer, a novice OpWz of Sif Muna (D:6)
  Prince Ribbit (D:5)
  Grinder (D:3)
  The ghost of flt the Changer, an amateur OpTm (D:5)
  Sigmund (D:3)
  Eustachio (D:4)
  A hungry ghost (D:7)
  The ghost of Ymberto the Magician, an amateur DECj of Sif Muna (D:4)
  2 ice beasts
  3 ogres
  3 phantoms
  2 centaurs
  2 bullfrogs
  A scorpion (D:5)
  2 killer bees
  3 wights (D:6)
  A jelly (D:5)
  2 crimson imps
  A bullfrog zombie (D:5)
  An orc priest (D:3)
  A bullfrog skeleton (D:5)
  A centaur skeleton (D:6)
  3 hounds
  9 orc wizards
  Ijyb (D:3)
  A worker ant (D:7)
  A killer bee zombie (D:7)
  2 hound skeletons
  A howler monkey zombie (D:6)
  6 gnolls (D:3)
  6 adders
  A shadow imp (D:6)
  2 oozes
  2 worms (D:2)
  An adder skeleton (D:4)
  3 dart slugs
  6 leopard geckos
  22 orcs
  5 bats
  4 giant cockroaches
  8 goblins
  5 hobgoblins
  6 jackals
  2 quokkas
  2 ball pythons (D:1)
  4 frilled lizards
  13 kobolds
  A leopard gecko skeleton (D:4)
  A quokka skeleton (D:4)
  4 rats
156 creatures vanquished.

Vanquished Creatures (others)
  A slave (D:4)
  2 ogres (D:4)
  An adder skeleton (D:4)
  2 jackals (D:4)
6 creatures vanquished.

Grand Total: 162 creatures vanquished

Notes
Turn   | Place    | Note
-------+----------+-------------------------------------------
     0 | D:1      | HammerPanzer the Minotaur Berserker began the quest for the Orb.
     0 | D:1      | Reached XP level 1. HP: 19/19 MP: 0/0
   395 | D:1      | Reached XP level 2. HP: 22/27 MP: 1/1
   481 | D:1      | Reached skill level 4 in Long Blades
   840 | D:1      | Reached XP level 3. HP: 19/33 MP: 2/2
  1035 | D:1      | Reached ** piety under Trog
  1583 | D:2      | Found an opulent altar of Gozag.
  1594 | D:2      | Reached skill level 5 in Long Blades
  1617 | D:2      | Found a shattered altar of Ashenzari.
  1617 | D:2      | Found a snail-covered altar of Cheibriados.
  1617 | D:2      | Found an iron altar of Okawaru.
  1619 | D:2      | Found a radiant altar of Vehumet.
  1632 | D:2      | Found a shadowy altar of Dithmenos.
  1709 | D:2      | Reached XP level 4. HP: 34/41 MP: 3/3
  2195 | D:3      | Reached skill level 5 in Fighting
  2198 | D:3      | Reached XP level 5. HP: 48/48 MP: 4/4
  2228 | D:3      | Noticed Sigmund
  2251 | D:3      | Killed Sigmund
  2251 | D:3      | Reached skill level 7 in Long Blades
  2251 | D:3      | Reached XP level 6. HP: 34/57 MP: 5/5
  2654 | D:3      | Reached *** piety under Trog
  2837 | D:3      | Found a shattered altar of Ashenzari.
  2885 | D:3      | Reached skill level 8 in Long Blades
  3016 | D:3      | Noticed Ijyb
  3027 | D:3      | Killed Ijyb
  3027 | D:3      | Reached XP level 7. HP: 63/63 MP: 6/6
  3051 | D:3      | Noticed Grinder
  3054 | D:3      | Paralysed by Grinder for 2 turns
  3081 | D:3      | Killed Grinder
  3083 | D:3      | Reached skill level 9 in Long Blades
  3188 | D:4      | Noticed Ymberto's ghost (amateur DECj)
  3189 | D:4      | Noticed Pikel
  3196 | D:4      | Killed Ymberto's ghost
  3205 | D:4      | Killed Pikel
  3205 | D:4      | Reached skill level 10 in Long Blades
  3205 | D:4      | Reached XP level 8. HP: 72/74 MP: 7/7
  3350 | D:4      | Found a staircase to the Ecumenical Temple.
  3470 | D:4      | Noticed Eustachio
  3476 | D:4      | Killed Eustachio
  3581 | D:4      | Reached skill level 11 in Long Blades
  3776 | D:5      | Entered Level 5 of the Dungeon
  4043 | D:4      | Reached **** piety under Trog
  4480 | D:5      | Noticed flt's ghost (amateur OpTm)
  4492 | D:5      | Killed flt's ghost
  4650 | D:5      | Reached XP level 9. HP: 82/82 MP: 8/8
  4705 | D:5      | Noticed Prince Ribbit
  5330 | D:5      | Found a glowing silver altar of Zin.
  5635 | D:5      | Killed Prince Ribbit
  5635 | D:5      | Reached skill level 12 in Long Blades
  6385 | D:6      | Noticed Folque's ghost (novice OpWz)
  6396 | D:6      | Killed Folque's ghost
  6514 | D:6      | Reached skill level 13 in Long Blades
  6581 | D:6      | Found an opulent altar of Gozag.
  6822 | D:6      | Reached skill level 10 in Fighting
  7329 | D:7      | Received a gift from Trog
  7496 | D:7      | Noticed Linguinho's ghost (novice DrEE)
  7506 | D:7      | Reached XP level 10. HP: 94/94 MP: 9/9
  7531 | D:7      | HP: 3/94 [orc priest/divine providence (15)]
  7531 | D:7      | Killed from afar by Linguinho's ghost

Skill      XL: |  1  2  3  4  5  6  7  8  9 |
---------------+----------------------------+-----
Fighting       | 4 5 6 7 8 10 | 10.5
Long Blades    | 4 5 7 8 10 11 13 | 13.9
Armour         | |  2.4
Dodging        | |  2.1

Action                   |  1- 3 |  4- 6 |  7- 9 | 10-12 || total
-------------------------+-------+-------+-------+-------++-------
Melee: Falchion          |    85 |    73 |   281 |    14 ||   453
       Headbutt          |    18 |    14 |    65 |     2 ||    99
       Unarmed           |       |     9 |       |       ||     9
Invok: Berserk           |       |     5 |     8 |       ||    13
       Burn Spellbooks   |       |       |     3 |       ||     3
  Use: Scroll            |       |       |    12 |       ||    12
 Stab: Sleeping          |     1 |       |       |       ||     1
  Eat: Chunk             |     2 |     8 |     9 |     1 ||    20
       Fruit             |       |       |     2 |       ||     2
       Royal jelly       |       |       |     3 |       ||     3
       Meat ration       |       |       |     1 |       ||     1
Armor: Animal skin       |    14 |     1 |       |       ||    15
       Chain mail        |       |    20 |   105 |    15 ||   140
Dodge: Dodged            |    65 |    37 |    87 |     8 ||   197
       Rpst.: Falchion   |    14 |    10 |    24 |     2 ||    50
